AoeStats
← Nicolasbecerra

MegaRandom

508346014Analyzed
3v3 RM · 9d ago on Sep 22, 2026· 42m 1s· 6 players
Game mode
Random Map
Map size
Normal (6 player)
Population
200
Speed
Normal
Resources
Standard
Victory
Conquest
Starting age
Dark Age
Ending age
Imperial Age
RankedLock teamsTeams togetherTeam positionsShared explorationLock speedFull tech treeHidden civsTurbo modeCheats
Victory
Defeat
🇨🇭 Sicilians · Switzerland
1057
+12
🇨🇱 Huns · Chile
972
+16
🇨🇳 Byzantines · China
943
+17
🇺🇸 Portuguese · United States
1007
-16
🇺🇸 Muisca · United States
976
-15
🇺🇸 Spanish · United States
938
-14
President Smart
1:51 Loom
9:10 Feudal Age
11:00 Wheelbarrow
10:16 Champi Runner
11:44 Scale Mail Armor
13:55 Double-Bit Axe
14:11 Horse Collar
16:43 Town Watch
21:44 Castle Age
19:43 Fletching
19:53 Padded Archer Armor
20:05 Forging
23:37 Hand Cart
26:22 Imperial Age
23:43 Champi Warrior
24:24 Squires
24:31 Herbalism
24:21 Elite Skirmisher
27:10 Chain Mail Armor
28:18 Bodkin Arrow
28:40 Leather Archer Armor
29:33 Iron Casting
32:15 Hoardings
31:44 Bracer
32:37 Elite Champi Warrior
34:49 Bow Saw
34:42 Heavy Plow
37:14 Two-Man Saw
37:38 Huaracas
40:51 Chemistry
40:03 Masonry
MP3999
0:42 Loom
9:03 Feudal Age
9:41 Double-Bit Axe
16:08 Castle Age
14:02 Horse Collar
15:53 Wheelbarrow
15:04 Town Watch
15:12 Gold Mining
17:39 Bow Saw
16:57 Crossbowman
18:22 Fletching
18:32 Padded Archer Armor
19:41 Hand Cart
19:03 Elite Skirmisher
20:00 Thumb Ring
20:32 Ballistics
20:10 Bodkin Arrow
20:31 Leather Archer Armor
26:00 Imperial Age
24:15 Stone Mining
26:48 Bracer
27:18 Ring Archer Armor
28:01 Chemistry
27:12 Masonry
27:20 Heavy Plow
28:00 Arbalester
28:50 Scale Barding Armor
32:53 Man-at-Arms
32:55 Pikeman
33:21 Gambesons
33:46 Scale Mail Armor
34:07 Chain Barding Armor
33:57 Forging
33:49 Halberdier
35:12 Chain Mail Armor
36:24 Conscription
36:07 Arquebus
40:10 Plate Mail Armor
40:15 Iron Casting
Spannaway
4:56 Loom
8:38 Feudal Age
15:09 Castle Age
12:43 Man-at-Arms
14:19 Stone Mining
15:26 Bloodlines
15:34 Gold Mining
15:33 Long Swordsman
16:47 Forging
16:43 Scale Barding Armor
16:30 Fletching
16:47 Husbandry
20:52 Padded Archer Armor
20:48 Bodkin Arrow
21:57 Horse Collar
24:52 Heavy Plow
29:25 Imperial Age
30:34 Leather Archer Armor
30:19 Bracer
31:49 Elite Conquistador
34:03 Supremacy
Dyragor
10:19 Feudal Age
8:38 Loom
11:55 Wheelbarrow
11:13 Town Watch
11:59 Fletching
12:17 Horse Collar
12:54 Double-Bit Axe
15:30 Castle Age
14:24 Scale Mail Armor
14:35 Forging
14:29 Gold Mining
15:18 Stone Mining
17:36 Hand Cart
18:18 Bow Saw
18:10 Heavy Plow
19:29 Squires
19:14 Arson
20:20 Ballistics
20:51 Stone Shaft Mining
21:04 Chain Mail Armor
21:25 Iron Casting
20:49 Bodkin Arrow
21:13 Masonry
21:25 Caravan
22:18 Gold Shaft Mining
25:31 Imperial Age
24:38 Murder Holes
24:59 Scale Barding Armor
26:22 Bloodlines
26:12 Husbandry
25:33 Cavalier
26:40 Conscription
26:04 Elite Serjeant
27:42 Bracer
27:36 Arrowslits
31:17 Hoardings
31:13 Chain Barding Armor
34:44 Crop Rotation
35:53 Hauberk
37:00 Blast Furnace
36:36 Plate Barding Armor
36:32 Plate Mail Armor
37:04 Chemistry
36:11 Siege Engineers
crazy hippo
9:40 Feudal Age
10:31 Horse Collar
18:45 Castle Age
18:45 Wheelbarrow
18:34 Forging
18:43 Double-Bit Axe
18:50 Gold Mining
18:53 Stone Mining
20:35 Hand Cart
20:42 Heavy Plow
21:36 Gold Shaft Mining
21:37 Stone Shaft Mining
23:48 Scale Barding Armor
30:47 Imperial Age
29:28 Chain Barding Armor
29:43 Iron Casting
32:09 Plate Barding Armor
31:37 Caravan
31:46 Fletching
32:43 Conscription
31:45 Elite Cataphract
36:35 Coinage
38:36 Scale Mail Armor
38:32 Bodkin Arrow
38:37 Padded Archer Armor
39:12 Crop Rotation
39:05 Husbandry
38:32 Cavalier
39:47 Paladin
41:39 Chain Mail Armor
41:40 Leather Archer Armor
41:26 Bracer
41:58 Banking
41:39 Guilds
41:37 Greek Fire
Nicolasbecerra
4:28 Loom
10:03 Feudal Age
10:54 Double-Bit Axe
14:22 Castle Age
13:44 Bloodlines
13:54 Horse Collar
15:01 Fletching
16:29 Bodkin Arrow
20:30 Padded Archer Armor
21:56 Gold Mining
22:56 Thumb Ring
25:05 Ballistics
25:17 Scale Barding Armor
25:27 Leather Archer Armor
26:45 Chain Barding Armor
34:23 Imperial Age
32:49 Forging
33:11 Marauders
34:06 Bow Saw
34:29 Husbandry
35:57 Bracer
37:39 Plate Barding Armor
38:27 Parthian Tactics
39:43 Chemistry
41:25 Iron Casting
41:23 Conscription
41:05 Elite Tarkan
Connection lost

Rejoining the realm…

Still unreachable

The connection could not be restored.

Session expired

The server has moved on; the page needs a fresh start.